[Event "Team 45 45 League T29"]
[Site "Internet Chess Club"]
[Date "2006.01.16"]
[Round "4"]
[White "bmw2002"]
[Black "pokerram"]
[Result "1-0"]
[WhiteElo "1584"]
[BlackElo "1645"]
[TimeControl "2700+45"]

1. c4 Nf6 2. g3 g6 3. Bg2 Bg7 4. Nc3 O-O 5. d4 d6 6. e3 c6 7. Nge2 e5 8. O-O Na6
9. b3 Nc7 10. Ba3 Re8 11. Rc1 exd4 12. Nxd4 d5 13. Qd3 dxc4 14. Qxc4 Ncd5 15.
Nxd5 Nxd5 16. Bxd5 cxd5 17. Qd3 Bh3 18. Rfd1 Rc8 19. Nb5 Rxc1 20. Rxc1 Bf5 21.
Qd2 Be5 22. Nxa7 Qd7 23. Qb4 Ra8 24. Nb5 Be4 25. f4 Qh3 26. Qd2 Bg7 27. Bb4 Rc8
28. Rxc8+ Qxc8 29. Nd6 Qc2 30. Qxc2 Bxc2 31. Nxb7 Bb1 32. a3 d4 33. exd4 Bxd4+
34. Kf1 Bd3+ 35. Ke1 Bg1 36. Bc5 Ba6 37. Bxg1 Bxb7 38. Kd2 f5 39. Kc3 Kf7 40.
Kc4 Ke6 41. Kc5 Kd7 42. b4 Bf3 43. a4 Kc7 44. b5 Bd1 45. a5 Kb7 46. a6+ Ka8 47.
Kc6 Bf3+ 48. Kb6 Be2 49. a7 Bf3 50. Kc7 h6 51. b6 g5 52. fxg5 hxg5 53. h4 {Black
resigns} 1-0  aics%

[Event "Team 45 45 League T29"]
[Site "Internet Chess Club"]
[Date "2006.01.12"]
[Round "4"]
[White "rss"]
[Black "andy4226uk"]
[Result "1-0"]
[WhiteElo "1820"]
[BlackElo "1840"]
[TimeControl "2700+45"]

1. e4 c5 2. Nf3 Nc6 3. Bb5 g6 4. c3 Bg7 5. O-O e6 6. Re1 Nge7 7. d4 cxd4 8. cxd4
O-O 9. Nc3 a6 10. Ba4 b5 11. Bc2 Bb7 12. a3 d5 13. e5 Rc8 14. b4 Qb6 15. Ne2 f6
16. exf6 Bxf6 17. Bg5 Nf5 18. Bxf5 exf5 19. Bxf6 Rxf6 20. Nf4 Rd8 21. Ne6 Re8
22. Nc5 Rxe1+ 23. Qxe1 Qc7 24. Qe8+ Rf8 25. Qe6+ Kh8 26. Nxb7 Qxb7 27. Qxd5 Rd8
28. Qc5 Ne7 29. Qe5+ Kg8 30. Qe6+ Kh8 31. Ng5 Rf8 32. Rc1 Kg7 33. Qe5+ Kg8 34.
Rc7 {Black resigns} 1-0  aics%

[Event "Team 45 45 League T29"]
[Site "Internet Chess Club"]
[Date "2006.01.12"]
[Round "4"]
[White "TheBrewer"]
[Black "Ferreruela"]
[Result "0-1"]
[WhiteElo "1591"]
[BlackElo "1736"]
[TimeControl "2700+45"]

1. d4 d5 2. Nf3 c6 3. Nbd2 Nf6 4. e3 e6 5. Bd3 Nbd7 6. O-O Be7 7. c3 O-O 8. e4
dxe4 9. Nxe4 Nxe4 10. Bxe4 Nf6 11. Bc2 Qd5 12. Qd3 Qh5 13. Ne5 Nd7 14. g4 Nxe5
15. dxe5 Qxg4+ 16. Kh1 Qh5 17. Re1 f5 18. Bd1 Qf7 19. Qh3 Bc5 20. f4 b5 21. Be3
Bxe3 22. Rxe3 Bb7 23. Rg3 c5+ 24. Kg1 Rad8 25. Bh5 Qc7 26. Re1 Rd2 27. Rg2 Rxg2+
{White resigns} 0-1  aics%

[Event "Team 45 45 League T29"]
[Site "Internet Chess Club"]
[Date "2006.01.18"]
[Round "4"]
[White "dondel"]
[Black "wojozim"]
[Result "0-1"]
[WhiteElo "1638"]
[BlackElo "1691"]
[TimeControl "2700+45"]

1. e4 c5 2. Nf3 d6 3. Nc3 g6 4. b3 Bg7 5. Bb2 a6 6. Rb1 Nc6 7. Bc4 b5 8. Bd3 e5
9. Nd5 Nge7 10. Ne3 O-O 11. h3 h6 12. g4 Bb7 13. a3 Nd4 14. h4 d5 15. exd5 Nxd5
16. Nxd5 Qxd5 17. Be2 Nxf3+ 18. Bxf3 Qxf3 19. Qxf3 Bxf3 20. Rg1 e4 21. Bxg7 Kxg7
22. b4 Rac8 23. bxc5 Rxc5 24. Rb2 Rfc8 25. c3 Rd8 26. g5 hxg5 27. hxg5 Rxc3 28.
Rb1 Rxa3 {White resigns} 0-1  aics%

[Event "Team 45 45 League T29"]
[Site "Internet Chess Club"]
[Date "2006.01.16"]
[Round "4"]
[White "Justme"]
[Black "mrmarck"]
[Result "0-1"]
[WhiteElo "1297"]
[BlackElo "1525"]
[TimeControl "2700+45"]

1. e4 c5 2. Nc3 Nc6 3. Nf3 e6 4. Bb5 a6 5. Bxc6 bxc6 6. d3 Nf6 7. h3 Be7 8. e5
Nd5 9. Nxd5 cxd5 10. h4 h6 11. c3 Bb7 12. d4 cxd4 13. cxd4 d6 14. a3 Rc8 15. b4
dxe5 16. Nxe5 Bxh4 17. Qa4+ Ke7 18. Be3 Bf6 19. Ng4 Bg5 20. f4 h5 21. Ne5 Bf6
22. Qd1 h4 23. Ng4 Rc3 24. Qd2 Qc7 25. Nxf6 Kxf6 26. Qf2 Rc2 27. Bd2 Qc4 28. Qe3
Ke7 29. f5 Rh6 30. Rxh4 Rxh4 31. Qg5+ f6 32. Qxh4 Qd3 33. Rd1 Qxf5 34. Be3 Rxg2
35. Qh1 Qf3 36. Qxg2 Qxg2 37. Rc1 Kd7 38. Bf4 Qe4+ {White resigns} 0-1  aics%

[Event "Team 45 45 League T29"]
[Site "Internet Chess Club"]
[Date "2006.01.13"]
[Round "4"]
[White "NineMilly"]
[Black "Gomer"]
[Result "0-1"]
[WhiteElo "1139"]
[BlackElo "1293"]
[TimeControl "2700+45"]

1. b3 e5 2. Bb2 Nc6 3. e3 d5 4. Bb5 Bd6 5. Bxc6+ bxc6 6. Nf3 f6 7. O-O Ne7 8.
Qe2 O-O 9. c4 Bg4 10. e4 d4 11. d3 Ng6 12. g3 f5 13. exf5 Rxf5 14. Nbd2 Bb4 15.
Qe4 Bxd2 16. Nxd2 Qg5 17. Bc1 Bh3 18. Qxc6 Raf8 19. Nf3 Qg4 20. Nxe5 Nxe5 21.
Qd5+ Kh8 22. Re1 Nf3+ 23. Kh1 Rxd5 24. Re4 Qf5 25. Bf4 Re5 26. Bxe5 Nxe5 27. Rf4
Qc8 28. Rxd4 Qb7+ 29. Re4 Nxd3 30. f3 Nf2+ 31. Kg1 Nxe4 32. Re1 Qb6+ 33. Kh1
Nf2+ 34. Kg1 Nd3+ 35. Kh1 Nxe1 36. c5 Qxc5 37. b4 Qc2 {White resigns} 0-1  aics%

[Event "Team 45 45 League T29"]
[Site "Internet Chess Club"]
[Date "2006.01.16"]
[Round "4"]
[White "BosqueVerde"]
[Black "PocketChange"]
[Result "1-0"]
[WhiteElo "1215"]
[BlackElo "1267"]
[TimeControl "2700+45"]

1. d4 Nf6 2. c4 e6 3. Nc3 Bb4 4. Bd2 b6 5. Nf3 Bb7 6. e3 O-O 7. Bd3 Nc6 8. a3
Bxc3 9. Bxc3 Qe7 10. O-O d5 11. b3 Rad8 12. Qc2 g6 13. Ne5 Nxe5 14. dxe5 dxc4
15. exf6 Qd6 16. Bxc4 Qc6 17. e4 a5 18. a4 Qc5 19. e5 Rd7 20. Rfd1 Rfd8 21. Rxd7
Rxd7 22. Rd1 Qc6 23. f3 Qc5+ 24. Kh1 Rxd1+ 25. Qxd1 Bd5 26. Qd2 Bxc4 27. Qd8+
Qf8 28. Qxf8+ Kxf8 29. bxc4 Ke8 30. h4 Kd7 31. c5 bxc5 32. Bxa5 Kc6 33. Kg1 Kd5
34. f4 c4 35. Bc3 Kc6 36. Kf2 Kb6 37. a5+ Kb5 38. Ke3 c5 39. g4 h5 40. gxh5 gxh5
41. Ke4 Ka4 42. a6 Kb3 43. Be1 c3 44. Bxc3 Kxc3 45. a7 c4 46. a8=Q Kc2 47. Qa2+
Kc3 48. Ke3 Kb4 49. Qb2+ Kc5 50. Qc3 Kb5 51. Kd4 Kb6 52. Qxc4 Ka7 53. Qc7+ Ka8
54. Qxf7 Kb8 55. Qxe6 Ka8 56. Qe7 Kb8 57. f7 Kc8 58. f8=Q# {Black checkmated}
1-0  aics%

[Event "Team 45 45 League T29"]
[Site "Internet Chess Club"]
[Date "2006.01.12"]
[Round "4"]
[White "Tom45"]
[Black "JustinZ"]
[Result "0-1"]
[WhiteElo "1113"]
[BlackElo "1235"]
[TimeControl "2700+45"]

1. e4 e5 2. Nf3 Nc6 3. Nc3 Nf6 4. Bb5 d5 5. Bxc6+ bxc6 6. d4 dxe4 7. Nxe5 c5 8.
dxc5 Qxd1+ 9. Nxd1 Bxc5 10. Ne3 Be6 11. O-O O-O 12. Rd1 Rfd8 13. Bd2 Bd4 14. Nc6
Rd6 15. Nxd4 Rxd4 16. Bc3 Rxd1+ 17. Rxd1 Bxa2 18. Bxf6 gxf6 19. Rd4 Rb8 20. b3
c5 21. Rxe4 Bxb3 22. cxb3 Rxb3 23. g3 Rb4 24. Rg4+ Rxg4 25. Nxg4 a5 26. Nxf6+
Kg7 27. Ne4 c4 28. Nc3 Kf6 29. f4 Ke6 30. Kf1 Kd6 31. Ke2 Kc5 32. Kd2 Kb4 33.
Kc2 a4 34. Na2+ Ka3 35. Kb1 Kb3 36. h4 h5 37. Nc1+ Kc3 38. Na2+ Kd2 39. Kb2 Ke3
40. Ka3 Kf3 41. Kxa4 Kxg3 42. Nc3 Kxh4 43. Kb4 Kg4 44. Ne2 h4 45. Kxc4 h3 46. f5
h2 47. f6 h1=Q 48. Kc5 Qf3 49. Nd4 Qxf6 {White resigns} 0-1  aics%

[Event "Team 45 45 League T29"]
[Site "Internet Chess Club"]
[Date "2006.01.15"]
[Round "4"]
[White "fuzzface"]
[Black "QuaqQuao"]
[Result "0-1"]
[WhiteElo "1361"]
[BlackElo "1549"]
[TimeControl "2700+45"]

1. d4 d5 2. g3 e6 3. Nf3 c6 4. a3 f5 5. Bg5 Be7 6. Bxe7 Qxe7 7. e3 Nf6 8. Nbd2
b6 9. c4 c5 10. cxd5 exd5 11. Bb5+ Bd7 12. Bxd7+ Nbxd7 13. O-O c4 14. Re1 O-O
15. Nh4 Ne4 16. f4 b5 17. Nxe4 Qxe4 18. Qf3 Rae8 19. Qxe4 Rxe4 20. Rac1 Nb6 21.
Nf3 Rfe8 22. Kf2 Na4 23. Rc2 h6 24. Nd2 Nxb2 25. Rxb2 c3 26. Nxe4 cxb2 27. Rb1
fxe4 28. Rxb2 a6 29. Rc2 Kf7 30. h3 Ra8 31. Rc7+ Kf8 32. Rc5 Rd8 33. g4 Ke7 34.
Kg3 Kd6 35. h4 Rb8 36. f5 a5 37. g5 h5 38. g6 a4 39. f6 gxf6 40. g7 Rg8 41. Rxb5
Rxg7+ 42. Kf4 Rg4+ 43. Kf5 Rxh4 44. Rb6+ Kc7 45. Rxf6 Rh3 46. Rf7+ Kc6 47. Rf6+
Kb5 48. Ke5 Rf3 49. Rh6 Rxe3 50. Kxd5 Rxa3 51. Kxe4 Rh3 52. d5 a3 53. Rh8 Rh4+
54. Ke5 Ra4 55. Rxh5 a2 56. Rh1 a1=Q+ 57. Rxa1 Rxa1 58. Kd6 Ra6+ 59. Ke5 Kc5 60.
Ke4 Rd6 61. Kf4 Rxd5 62. Ke3 Kc4 63. Kf4 Kd4 64. Kf3 Rf5+ 65. Ke2 Rf4 66. Kd2
Rf2+ 67. Ke1 Ke3 68. Kd1 Kd3 69. Ke1 Rf3 70. Kd1 Rf1# {White checkmated} 0-1 
aics%

[Event "Team 45 45 League T29"]
[Site "Internet Chess Club"]
[Date "2006.01.15"]
[Round "4"]
[White "Conjurer"]
[Black "Fogbound"]
[Result "1-0"]
[WhiteElo "1333"]
[BlackElo "1295"]
[TimeControl "2700+45"]

1. e4 g6 2. d4 Bg7 3. e5 a6 4. Nf3 h6 5. Bc4 e6 6. Nbd2 b5 7. Bb3 Bb7 8. c4 Ne7
9. Qc2 Nbc6 10. O-O Nb4 11. Qc3 a5 12. a3 Nbc6 13. cxb5 Na7 14. a4 Nd5 15. Qc2
Nc8 16. Nc4 Nb4 17. Qd1 Nb6 18. Bd2 N6d5 19. Rc1 Nd3 20. Ra1 N5b4 21. Ne1 O-O
22. Nxd3 Nxd3 23. Bc2 Nb4 24. Bb1 f5 25. Ra3 d5 26. Nxa5 Bc8 27. Bxb4 Rf7 28.
Nc6 Qe8 29. Rh3 Rxa4 30. Qxa4 Kh7 31. Qa3 Bd7 32. Qd3 Bxc6 33. bxc6 Qb8 34. Ba3
Qb6 35. Rc1 Qa5 36. b4 Qa8 37. b5 Qa5 38. Bc2 Bf8 39. Rb1 Bxa3 40. Qxa3 Qxa3 41.
Rxa3 g5 42. g3 h5 43. h3 Kh6 44. Ra7 f4 45. b6 fxg3 46. b7 Rxf2 47. b8=Q Rxc2
48. Qh8+ Kg6 49. Qf6+ {Black resigns} 1-0  aics%

[Event "Team 45 45 League T29"]
[Site "Internet Chess Club"]
[Date "2006.01.15"]
[Round "4"]
[White "klt713"]
[Black "guyd52"]
[Result "0-1"]
[WhiteElo "1263"]
[BlackElo "1251"]
[TimeControl "2700+45"]

1. d4 d5 2. c4 c6 3. Nc3 g6 4. Nf3 Nf6 5. Bg5 Nbd7 6. e3 Bg7 7. Be2 O-O 8. Nd2
b6 9. O-O Bb7 10. Rc1 e5 11. cxd5 Qc7 12. Nb5 Qc8 13. dxc6 Bxc6 14. Bc4 Qb8 15.
Be2 Bxb5 16. Bxb5 exd4 17. exd4 Qd6 18. Nf3 Qb4 19. Bc6 Rad8 20. Bxd7 Rxd7 21.
b3 Nd5 22. Rc2 Nc7 23. Rd2 Nb5 24. Ne5 Nc3 25. Qe1 Rd5 26. Nc6 Qd6 27. Ne7+ Kh8
28. Nxd5 Qxd5 29. Qe3 Nb5 30. Rfd1 Nd6 31. Be7 Re8 32. Qf4 Rxe7 33. Kf1 Qb5+ 34.
Kg1 Qd7 35. Qf3 h5 36. Rc1 Bh6 37. Qf6+ Kg8 38. Rc8+ Nxc8 39. Rd1 Bg7 40. Qh4
Bxd4 41. Rf1 Qd5 42. Qh3 Nd6 43. Qg3 Re5 44. Kh1 Rg5 45. Qh3 Ne4 46. Kg1 Bxf2+
47. Rxf2 Nxf2 48. Kxf2 Rf5+ 49. Ke2 Re5+ 50. Kf2 Qd2+ 51. Kg3 Re3+ 52. Kh4 Rxh3+
53. Kxh3 Qxa2 54. Kg3 Qxb3+ 55. Kf2 a5 56. Ke2 a4 57. Kd2 a3 58. g3 a2 59. Ke2
a1=Q 60. Kf2 Qaa2+ 61. Ke1 Qbb1# {White checkmated} 0-1  aics%

[Event "Team 45 45 League T29"]
[Site "Internet Chess Club"]
[Date "2006.01.16"]
[Round "4"]
[White "WzeroMN"]
[Black "ffplayer"]
[Result "0-1"]
[WhiteElo "1168"]
[BlackElo "1144"]
[TimeControl "2700+45"]

1. e4 e5 2. Nf3 Nc6 3. Bb5 Bc5 4. O-O Nf6 5. Re1 a6 6. Ba4 b5 7. Bb3 O-O 8. d3
h6 9. Be3 d6 10. Bxc5 dxc5 11. Nc3 Bg4 12. a3 Nd4 13. Ba2 Bxf3 14. gxf3 Nh5 15.
Bd5 Qg5+ 16. Kh1 Ra7 17. Rg1 Qf6 18. Ba2 c6 19. Ne2 Qxf3+ 20. Rg2 Nxe2 21. h4
Nhf4 {White resigns} 0-1  aics%

[Event "Team 45 45 League T29"]
[Site "Internet Chess Club"]
[Date "2006.01.14"]
[Round "4"]
[White "Budzo"]
[Black "chsrules88"]
[Result "0-1"]
[WhiteElo "1767"]
[BlackElo "1839"]
[TimeControl "2700+45"]

1. Nf3 Nc6 2. d4 d5 3. c4 e6 4. e3 Nf6 5. Nc3 Bb4 6. a3 Bxc3+ 7. bxc3 O-O 8. Bd3
Re8 9. cxd5 exd5 10. h3 Ne4 11. Qc2 Bf5 12. O-O Qf6 13. c4 dxc4 14. Qxc4 Bxh3
15. Ne5 Bxg2 16. Kxg2 Nxe5 17. Bxe4 Qg5+ 18. Kh1 Nxc4 {White resigns} 0-1  aics%

[Event "Team 45 45 League T29"]
[Site "Internet Chess Club"]
[Date "2006.01.14"]
[Round "4"]
[White "bonecore"]
[Black "kutch"]
[Result "1-0"]
[WhiteElo "1652"]
[BlackElo "1481"]
[TimeControl "2700+45"]

1. g3 d5 2. Bg2 Nf6 3. d3 c5 4. f4 Nc6 5. Nc3 e6 6. Nf3 Be7 7. O-O O-O 8. e4 a6
9. a4 b6 10. h3 Bb7 11. e5 Ne8 12. Kh2 f5 13. Ne2 b5 14. d4 cxd4 15. Nexd4 Nxd4
16. Nxd4 Nc7 17. Qd3 Qe8 18. axb5 axb5 19. Bd2 Bc5 20. c3 Ba6 21. b4 Bb6 22. Be3
Qd7 23. Nxf5 Rxf5 24. Bxb6 Qc8 25. Bxc7 Qxc7 26. Bxd5 Qd7 27. Be4 Qxd3 28. Bxd3
Rf7 29. Bxb5 Rfa7 30. Bxa6 Rxa6 31. Rxa6 Rxa6 32. Kg2 Rc6 33. Rc1 Rc4 34. Kf3
Kf7 35. Ke3 Kg6 36. Kd3 Rc7 37. c4 Kf5 38. c5 g5 39. fxg5 Kxe5 40. Kc4 Kf5 41.
Re1 Re7 42. b5 e5 43. c6 e4 44. b6 Re6 45. c7 Rxb6 46. c8=Q+ {Black resigns} 1-0
 aics%

[Event "Team 45 45 League T29"]
[Site "Internet Chess Club"]
[Date "2006.01.15"]
[Round "4"]
[White "BosqueVerde"]
[Black "kingofthespill"]
[Result "0-1"]
[WhiteElo "1195"]
[BlackElo "1512"]
[TimeControl "2700+45"]

1. d4 d5 2. c4 e6 3. Nc3 Nf6 4. Bg5 Be7 5. Bxf6 Bxf6 6. Nf3 Nc6 7. cxd5 exd5 8.
e3 O-O 9. Bd3 g6 10. h3 Be6 11. O-O a6 12. a4 Na5 13. b4 Nc6 14. Rb1 a5 15. bxa5
Nxa5 16. Qc2 Qd7 17. e4 c6 18. exd5 Bxd5 19. Nxd5 Qxd5 20. Be4 Qd6 21. Rfd1 Rfd8
22. d5 c5 23. Rb5 c4 24. Rdb1 c3 25. Rb6 Qe7 26. Rd1 Nc4 27. d6 Nxd6 28. Bd5
Rab8 29. Re1 Qc7 30. a5 Nc8 31. Rxf6 Rxd5 32. Re3 Qd8 33. Qxc3 Rxa5 34. Rf4 Na7
35. Rfe4 Nc6 36. Nd4 Qf6 37. Re8+ Rxe8 38. Rxe8+ Kg7 39. Re4 Rd5 40. Nxc6 Qxc3
41. Ne7 Rd1+ 42. Kh2 Qc7+ 43. g3 f5 44. Re6 Qc4 45. Nxf5+ gxf5 46. Re7+ Kf6 47.
Rxb7 Qc6 48. g4 {White resigns} 0-1  aics%

[Event "Team 45 45 League T29"]
[Site "Internet Chess Club"]
[Date "2006.01.18"]
[Round "4"]
[White "Ghostblaster"]
[Black "Irvin"]
[Result "0-1"]
[WhiteElo "1636"]
[BlackElo "1872"]
[TimeControl "2700+45"]

1. d4 Nf6 2. c4 e6 3. Nc3 Bb4 4. Qc2 c5 5. e3 O-O 6. Nf3 cxd4 7. exd4 d5 8. cxd5
exd5 9. Be2 Nc6 10. O-O Bg4 11. Be3 Rc8 12. Qb3 Ne4 13. Nxd5 Be6 14. Bc4 b5 15.
Nxb4 Bxc4 16. Nxc6 Rxc6 17. Qc2 Qd5 18. Rfc1 Rfc8 19. Qd1 Bxa2 20. Rxc6 Rxc6 21.
Nd2 Nxd2 22. Qxd2 a6 23. Rc1 Bc4 24. Qe1 Rg6 25. g3 h5 26. f4 Qe4 27. Kf2 Re6
28. Rc3 Bd5 29. Ke2 Qxd4 30. Rc8+ Kh7 31. Qd2 Bc4+ 32. Rxc4 Qxc4+ 33. Qd3+ Qxd3+
34. Kxd3 Kg6 35. h3 Kf5 36. Bd4 Rd6 37. Kc3 Rxd4 38. Kxd4 h4 39. Ke3 hxg3 40.
Kf3 g2 41. Kxg2 Kxf4 42. b4 g5 43. Kf2 f5 44. Kg2 Ke3 45. Kg3 f4+ 46. Kg2 Ke2
47. Kg1 f3 {White resigns} 0-1  aics%

[Event "Team 45 45 League T29"]
[Site "Internet Chess Club"]
[Date "2006.01.15"]
[Round "4"]
[White "wojozim"]
[Black "BenjaminSisko"]
[Result "1-0"]
[WhiteElo "1677"]
[BlackElo "1537"]
[TimeControl "2700+45"]

1. e4 e5 2. Nc3 Nc6 3. f4 exf4 4. Nf3 g5 5. d4 g4 6. Bc4 gxf3 7. O-O d5 8. exd5
Bg4 9. Qd2 Nce7 10. Qxf4 Qd7 11. d6 O-O-O 12. dxe7 Bxe7 13. Be3 fxg2 14. Rf2 Bd6
15. Qxf7 Qxf7 16. Rxf7 Ne7 17. Kxg2 Rhg8 18. Kh1 Rdf8 19. Raf1 Ng6 20. Nb5 Rxf7
21. Nxd6+ cxd6 22. Rxf7 Re8 23. Bf2 Rf8 24. Rxf8+ Nxf8 25. Bg3 Bf3+ 26. Kg1 d5
27. Bd3 h5 28. Kf2 Bh1 29. Be2 Be4 30. c3 Bg6 31. Bf3 Bf7 32. Ke3 Kd7 33. Kf4
Ne6+ 34. Ke5 {Black resigns} 1-0  aics%

[Event "Team 45 45 League T29"]
[Site "Internet Chess Club"]
[Date "2006.01.14"]
[Round "4"]
[White "mrmarck"]
[Black "Smart"]
[Result "1/2-1/2"]
[WhiteElo "1518"]
[BlackElo "1571"]
[TimeControl "2700+45"]

1. e4 c5 2. Nf3 d6 3. Nc3 Nc6 4. Bc4 e6 5. O-O Be7 6. d4 cxd4 7. Nxd4 Nf6 8. Be3
O-O 9. f4 a6 10. g4 Nxd4 11. Bxd4 Nxg4 12. Bxg7 Kxg7 13. Qxg4+ Kh8 14. Kh1 Rg8
15. Qh5 Bd7 16. Rg1 Rg6 17. f5 Rxg1+ 18. Rxg1 b5 19. Qxf7 Qf8 20. Bxe6 Qxf7 21.
Bxf7 Bf6 22. a3 Bxc3 23. bxc3 Bc6 24. Bd5 Bxd5 25. exd5 Rf8 26. Rg5 h6 27. Rh5
Kh7 28. Kg2 Kg7 29. Kf3 Rc8 30. f6+ Kxf6 31. Rxh6+ Ke5 32. Rh5+ Kf6 33. Rh6+ Ke5
{Game drawn by mutual agreement} 1/2-1/2  aics%

[Event "Team 45 45 League T29"]
[Site "Internet Chess Club"]
[Date "2006.01.15"]
[Round "4"]
[White "ActionMan"]
[Black "HCN"]
[Result "0-1"]
[WhiteElo "1614"]
[BlackElo "1750"]
[TimeControl "2700+45"]

1. e4 c5 2. Nf3 d6 3. d4 cxd4 4. Nxd4 Nf6 5. Nc3 a6 6. f3 e6 7. Be3 Be7 8. Qd2
Qc7 9. O-O-O O-O 10. g4 Re8 11. h4 b5 12. a3 Nc6 13. Nxc6 Qxc6 14. h5 Nd7 15. g5
Nf8 16. f4 Rb8 17. Bd3 b4 18. axb4 Rxb4 19. e5 d5 20. g6 d4 21. gxf7+ Kxf7 22.
Be4 dxe3 23. Bd3 exd2+ {White resigns} 0-1  aics%

[Event "Team 45 45 League T29"]
[Site "Internet Chess Club"]
[Date "2006.01.12"]
[Round "4"]
[White "jacknor"]
[Black "nursey"]
[Result "1-0"]
[WhiteElo "1624"]
[BlackElo "1622"]
[TimeControl "2700+45"]

1. d4 d5 2. Nf3 Nf6 3. Bf4 e6 4. e3 Bd6 5. Bxd6 Qxd6 6. Bd3 Qb4+ 7. Nbd2 Qxb2 8.
O-O O-O 9. c4 Rd8 10. Qe2 dxc4 11. Rfb1 Qa3 12. Nxc4 Qe7 13. Nce5 Nbd7 14. Qc2
c6 15. Rc1 Nxe5 16. Nxe5 Rb8 17. Rab1 Rd6 18. Qa4 Ra8 19. Rc5 Nd7 20. Nxd7 Rxd7
21. Qc2 Qh4 22. Qd1 g6 23. Rc4 Qg5 24. Qc2 e5 25. Rxc6 bxc6 26. Qxc6 Rb7 27.
Rxb7 Bxb7 28. Qxb7 Qd8 29. d5 Rc8 30. g3 Rc1+ 31. Kg2 Rc3 32. Bb1 f5 33. e4 Rc7
34. Qb3 fxe4 35. Bxe4 Qd6 36. h4 Rd7 37. Qc4 Kf7 38. Qc6 Ke7 39. Qc4 Kd8 40. Qb3
h6 41. Qe3 Rh7 42. h5 Rd7 43. hxg6 Qf8 44. Qb3 Qd6 45. Qd1 a5 46. Qh5 Kc7 47.
Qxh6 a4 48. Qc1+ Kb6 49. Qb2+ Ka5 50. Qc3+ Kb6 51. Qc6+ Ka5 52. Qxd6 Rxd6 53. g7
Rd8 54. Bh7 Kb4 55. g8=Q Rxg8 56. Bxg8 {Black resigns} 1-0  aics%  haduken(71):
hola aics%

[Event "Team 45 45 League T29"]
[Site "Internet Chess Club"]
[Date "2006.01.15"]
[Round "4"]
[White "A-Ru"]
[Black "Zornorph"]
[Result "0-1"]
[WhiteElo "1905"]
[BlackElo "1966"]
[TimeControl "2700+45"]

1. d4 d5 2. Nf3 Nf6 3. e3 c6 4. c4 a6 5. Nbd2 b5 6. b3 Bg4 7. Bd3 e6 8. O-O Bd6
9. Bb2 Nbd7 10. Qc2 Rc8 11. Rfc1 O-O 12. Ne5 Bh5 13. Bc3 dxc4 14. bxc4 b4 15.
Nxd7 Qxd7 16. Bb2 c5 17. Nb3 Bg6 18. Bxg6 hxg6 19. a3 Qc7 20. h3 bxa3 21. Bxa3
cxd4 22. exd4 Rfd8 23. Nc5 a5 24. Nb3 Bf4 25. Rd1 Qxc4 26. Qxc4 Rxc4 27. Bc5 a4
28. Na5 Rc2 29. Rxa4 Rxc5 30. Nb7 Rcd5 31. Nxd8 Rxd8 32. Rb1 Rd7 33. Rb5 Nd5 34.
Rc5 g5 35. g3 Bd6 36. Rc8+ Kh7 37. Re8 Kg6 38. Kg2 Be7 39. Kf3 Bf6 40. Rc4 Ne7
41. g4 Nd5 42. Rb8 Ra7 43. Rb3 Rd7 44. Ke4 Ra7 45. h4 gxh4 46. f4 Ra2 47. g5 Be7
48. Rc6 Re2+ 49. Kf3 Re1 50. Rb5 Re3+ 51. Kf2 Rc3 52. Rxc3 Nxc3 53. Rb7 Nd5 54.
Kf3 Kf5 55. Rb5 f6 56. gxf6 Bxf6 57. Rb1 Nxf4 58. Rg1 g5 {White resigns} 0-1 
aics%

[Event "Team 45 45 League T29"]
[Site "Internet Chess Club"]
[Date "2006.01.15"]
[Round "4"]
[White "Knight77"]
[Black "Rookmaster"]
[Result "1-0"]
[WhiteElo "1795"]
[BlackElo "1672"]
[TimeControl "2700+45"]

1. Nf3 d5 2. g3 Nf6 3. Bg2 e6 4. O-O Be7 5. d3 O-O 6. Nbd2 Nbd7 7. e4 c5 8. e5
Ne8 9. Re1 b5 10. Nf1 f6 11. d4 Bb7 12. exf6 Ndxf6 13. Ng5 Nc7 14. Bh3 Bc8 15.
Qe2 Kh8 16. c3 e5 17. Bxc8 Qxc8 18. dxe5 Ng4 19. e6 Rxf2 20. Qxg4 {Black
resigns} 1-0  aics%

[Event "Team 45 45 League T29"]
[Site "Internet Chess Club"]
[Date "2006.01.18"]
[Round "4"]
[White "Kingofknights"]
[Black "tgralex"]
[Result "0-1"]
[WhiteElo "1710"]
[BlackElo "1771"]
[TimeControl "2700+45"]

1. d4 d5 2. c4 e6 3. Nc3 Nf6 4. Bg5 Be7 5. e3 O-O 6. Qc2 b6 7. cxd5 exd5 8. Bxf6
Bxf6 9. Bd3 h6 10. b4 Re8 11. Nge2 a6 12. O-O c6 13. Rac1 Qd6 14. Na4 Bd8 15.
Ng3 Qxb4 16. Rb1 Qa5 17. Rfd1 b5 18. Nc5 Nd7 19. e4 Qc7 20. e5 Be7 21. e6 fxe6
22. Bg6 Bxc5 23. Bxe8 Bd6 24. Re1 e5 25. dxe5 Bxe5 26. Rbc1 Bf4 27. Qxc6 Qxc6
28. Rxc6 Ne5 29. Rc2 Nc4 30. Bc6 Rb8 31. Bxd5+ Kf8 32. Bxc4 bxc4 33. Rxc4 Bg5
34. h3 Bd7 35. Rc7 Bb5 36. Nf5 Bf6 37. Re6 h5 38. Nh6 Be8 39. Nf5 Bf7 40. Rxa6
Rb1+ 41. Kh2 Be5+ 42. g3 Bxc7 43. Ra8+ Rb8 44. Ra6 g6 45. Ne3 Rb2 46. Kg2 Rxa2
47. Rc6 Ba5 48. Nc4 Bd5+ {White resigns} 0-1  aics%

[Event "Team 45 45 League T29"]
[Site "Internet Chess Club"]
[Date "2006.01.16"]
[Round "4"]
[White "tammany"]
[Black "DaveTheRook"]
[Result "1-0"]
[WhiteElo "1589"]
[BlackElo "1671"]
[TimeControl "2700+45"]

1. e4 e5 2. Nf3 Nc6 3. Bb5 a6 4. Ba4 Nf6 5. O-O Be7 6. Re1 b5 7. Bb3 O-O 8. h3
d6 9. c3 Re8 10. d4 h6 11. Nbd2 Bf8 12. Bc2 Bb7 13. Nf1 Na5 14. Ng3 c5 15. d5
Nc4 16. b3 Nb6 17. Be3 Bc8 18. Bd3 Bd7 19. a4 bxa4 20. bxa4 a5 21. Qc2 Qc7 22.
Reb1 Reb8 23. Nd2 Be7 24. Bb5 Bf8 25. Bxd7 Qxd7 26. Rb5 Qc7 27. Rab1 Nbd7 28.
Nc4 Rxb5 29. Rxb5 Be7 30. Nf5 Bf8 31. g4 Kh7 32. f3 g6 33. Ng3 h5 34. gxh5 Nxh5
35. Nxh5 gxh5 36. Bg5 f6 37. Be3 Bh6 38. Bxh6 Kxh6 39. Qd2+ Kh7 40. Ne3 Rg8+ 41.
Kf2 Nf8 42. Nf5 Rg6 43. c4 Qg7 44. Nxg7 {Black resigns} 1-0  aics%

[Event "Team 45 45 League T29"]
[Site "Internet Chess Club"]
[Date "2006.01.14"]
[Round "4"]
[White "PaulKaspar"]
[Black "Gandalf"]
[Result "1-0"]
[WhiteElo "1933"]
[BlackElo "1890"]
[TimeControl "2700+45"]

1. e4 c6 2. d4 d5 3. e5 Bf5 4. Nf3 e6 5. Be2 Nd7 6. O-O Ne7 7. c3 c5 8. Qb3 Qc7
9. Na3 a6 10. Be3 Nc6 11. Rac1 b5 12. Nh4 Be4 13. f3 Bg6 14. Qd1 Be7 15. Nxg6
hxg6 16. Nc2 g5 17. Qd2 f6 18. Bd3 O-O-O 19. a4 c4 20. axb5 axb5 21. Be2 fxe5
22. dxe5 Qxe5 23. f4 gxf4 24. Bxf4 Bc5+ 25. Kh1 Qe4 26. b4 Bb6 27. Ra1 Kb7 28.
Na3 e5 29. Bg5 Qh7 30. h3 Nf6 31. Bxf6 gxf6 32. Nxb5 Qd7 33. Kh2 Rdg8 34. Bxc4
Qg7 35. Bxd5 Qg3+ 36. Kh1 Rxh3+ 37. gxh3 Qxh3+ 38. Qh2 Qc8 39. Nd6+ {Black
resigns} 1-0  aics%

[Event "Team 45 45 League T29"]
[Site "Internet Chess Club"]
[Date "2006.01.15"]
[Round "4"]
[White "rayonline53"]
[Black "chsrules88"]
[Result "0-1"]
[WhiteElo "1569"]
[BlackElo "1845"]
[TimeControl "2700+45"]

1. e4 e5 2. Nf3 Nc6 3. Bb5 a6 4. Ba4 Nf6 5. O-O Be7 6. Re1 b5 7. Bb3 O-O 8. c3
d5 9. exd5 e4 10. dxc6 exf3 11. gxf3 Bd6 12. d4 Nh5 13. Nd2 Bxh2+ 14. Kxh2 Qh4+
15. Kg1 Qg5+ 16. Kf1 Nf4 17. Re3 Bh3+ 18. Ke1 Qg1+ 19. Nf1 Bxf1 20. Kd2 Qxf2+
{White resigns} 0-1  aics%